 Dungeon Crawl Stone Soup version 0.30-b1-2-g02819fbbbe (webtiles) character file.

Game seed: 12839448680395420073

55615 Galthrax the Grappler (level 14, -19/148 HPs)
             Began as a Troll Monk on May 19, 2023.
             Was a Believer of Uskayaw.
             Demolished by a spriggan berserker
             ... wielding a +1 antimagic war axe
              (30 damage)
             ... on level 1 of the Depths on May 20, 2023.
             The game lasted 00:41:42 (13996 turns).

Galthrax the Grappler (Troll Monk)                 Turns: 13996, Time: 00:41:43

Health: -19/148    AC: 11    Str: 28    XL:     14   Next: 39%
Magic:  0/20       EV: 19    Int:  6    God:    Uskayaw [**....]
Gold:   293        SH:  0    Dex: 15    Spells: 3/13 levels left

rFire   + +          .
                       - Unarmed
rCold   . . .        c - orb {light}
rNeg    . . .        y - +1 troll leather armour
rPois   .            (helmet restricted)
rElec   .            B - +3 cloak "Dujiluj" {+Blink rF+ Str+2 Dex+3}
rCorr   .            (gloves unavailable)
SInv    .            (boots unavailable)
Will    +....        (no amulet)
Stlth   +            E - +5 ring of evasion
HPRegen 2.04/turn    F - ring of protection from fire
MPRegen 0.17/turn

%: no passive effects
@: glowing, studying Maces & Flails
A: large, unfitting armour, claws 3, regeneration 1, shaggy fur 1, tough skin 1,
sturdy frame 1
a: Renounce Religion, Evoke Blink, Stomp, Line Pass


You were on level 1 of the Depths.
You worshipped Uskayaw.
Uskayaw was aware of your devotion.
You visited 3 branches of the dungeon, and saw 17 of its levels.

You collected 917 gold pieces.
You spent 624 gold pieces at shops.


Innate Abilities, Weirdness & Mutations

You are too large for most types of armour.
You have claws for hands.
Your natural rate of healing is unusually fast.
You are covered in fur. (AC +1)
You have tough skin. (AC +1)
Your movements are slightly less encumbered by armour. (ER -2)


   Skills:
 + Level 11.8 Fighting
 - Level 10.0 Dodging
 + Level 13.9 Unarmed Combat
 + Level 3.9 Transmutations
 - Level 10.0 Invocations
 - Level 3.6 Evocations


You had 3 spell levels left.
You knew the following spells:

 Your Spells              Type           Power      Damage    Failure   Level
s - Storm Form            Tmut/Air       1%         N/A       100%        7
X - Vhi's Electric Charg  Tloc/Air       0%         N/A       83%         3

Your spell library contained the following spells:

 Spells                   Type           Power      Damage    Failure   Level
 Foxfire                  Conj/Fire      0%         2x1d4     45%         1
 Shock                    Conj/Air       0%         1d3       45%         1
 Summon Small Mammal      Summ           0%         N/A       45%         1
 Blink                    Tloc           0%         N/A       58%         2
 Lesser Beckoning         Tloc           0%         N/A       58%         2
 Scorch                   Fire           0%         2d5       58%         2
 Call Canine Familiar     Summ           0%         N/A       83%         3
 Dazzling Flash           Conj/Hex       0%         N/A       83%         3
 Gell's Gravitas          Tloc           0%         N/A       83%         3
 Ozocubu's Armour         Ice            0%         N/A       83%         3
 Summon Guardian Golem    Hex/Summ       0%         N/A       83%         3
 Swiftness                Air            0%         N/A       83%         3
 Teleport Other           Tloc           0%         N/A       83%         3
 Airstrike                Air            0%         2d(0-16)  99%         4
 Anguish                  Hex/Necr       0%         N/A       99%         4
 Manifold Assault         Tloc           0%         N/A       99%         4
 Summon Ice Beast         Ice/Summ       0%         N/A       99%         4
 Agony                    Necr           0%         N/A       100%        5
 Arcjolt                  Conj/Air       0%         1d10      100%        5
 Fireball                 Conj/Fire      0%         3d3       100%        5
 Silence                  Hex/Air        0%         N/A       100%        5
 Summon Mana Viper        Hex/Summ       0%         N/A       100%        5
 Plasma Beam              Fire/Air       0%         2x1d11    100%        6
 Starburst                Conj/Fire      0%         6d3       100%        6
 Monstrous Menagerie      Summ           0%         N/A       100%        7
 Ozocubu's Refrigeration  Ice            0%         4d7       100%        7
 Ignition                 Fire           0%         3d3       100%        8
 Maxwell's Capacitive Co  Air            0%         ∞         100%        8

Inventory:

Hand Weapons
 O - a +5 scimitar of flaming
   (You took it off an efreet on level 15 of the Dungeon)
Missiles
 f - 162 stones (quivered)
 l - 18 boomerangs
 n - 3 curare-tipped darts {=f}
 p - 29 poisoned darts
 z - 2 throwing nets {=f!f}
 L - 11 large rocks {=f}
 N - 6 javelins
Armour
 c - an orb of light (worn)
 y - a +1 troll leather armour (worn)
   (You found it on level 5 of the Dungeon)
 B - the +3 cloak "Dujiluj" (worn) {+Blink rF+ Str+2 Dex+3}
   (You found it on level 7 of the Dungeon)

   Str:       It affects your strength (+2).
   Dex:       It affects your dexterity (+3).
   rF:        It protects you from fire.
   +Blink:    It lets you blink.
 J - a +2 kite shield of resistance
   (You acquired it on level 10 of the Dungeon)
Jewellery
 E - a +5 ring of evasion (left claw)
   (You found it on level 4 of the Dungeon)
 F - a ring of protection from fire (right claw)
   (You found it on level 8 of the Dungeon)
Wands
 g - a wand of quicksilver (14)
   (You found it on level 2 of the Dungeon)
 h - a wand of charming (4)
   (You found it on level 2 of the Dungeon)
 w - a wand of iceblast (3)
   (You found it on level 5 of the Dungeon)
 A - a wand of flame (24)
   (You found it on level 7 of the Dungeon)
Scrolls
 e - 5 scrolls of immolation {!r!r}
 j - a scroll of butterflies {unknown}
 k - 5 scrolls of teleportation {@r4}
 m - 5 scrolls of fear
 v - a scroll of vulnerability {!r!r}
 K - a scroll of poison {!r}
 P - a scroll of enchant weapon
Potions
 a - 4 potions of curing {@q1}
 b - 5 potions of ambrosia
 d - a potion of haste {unknown}
 o - 2 potions of magic
 q - 5 potions of might
 r - 5 potions of brilliance
 t - 3 potions of flight {unknown}
 x - 2 potions of cancellation {unknown}
 C - a potion of berserk rage {!q}
 D - a potion of attraction {unknown}
 G - 2 potions of lignification {!q}
 H - 2 potions of degeneration {unknown}
 I - 2 potions of resistance
Miscellaneous
 i - a phantom mirror
   (You found it on level 9 of the Dungeon)
 s - a lightning rod (4/4)
   (You found it on level 4 of the Dungeon)
 M - a condenser vane
   (You found it on level 14 of the Dungeon)

Dungeon Overview and Level Annotations

Branches:
Dungeon (15/15) Zot: 25569  Temple (1/1) D:5 Zot: 5764    Lair (0/5) D:9
    Orc (0/2) D:10         Vaults (0/5) D:13         Depths (1/4) D:15 Zot: 5335

Altars:
Ashenzari
Cheibriados
Dithmenos
Elyvilon
Fedhas
Gozag
Hepliaklqana
Kikubaaqudgha
Makhleb
Nemelex Xobeh
Okawaru
Qazlal
Ru
Sif Muna
Trog
Uskayaw
Vehumet
Wu Jian
Xom
Yredelemnul
Zin
The Shining One

Shops:
D:4 (   D:10 (*   D:11 (

Annotations:
D:10 1 runed translucent door, exclusion: ice statue, Shozle's ghost, journeyman GnWn
D:12 1 transporter

....^........
##......#....##
#.......#.....###
.......................
#..$.............^....
#....................
##..............≈...
#######..@i...........§...
#..##....##..........§≈.#.
#...#..######.....§.....##
##......# ##.....§.......
##...##### ##......≈[......
#........####.......≈≈......
##.#.##.#..........≈≈.......
#####..#...........≈≈......
#............§≈≈≈§≈§...


You could see a spriggan berserker (berserk, regenerating, strong-willed).


Message History

You scratch the frost giant but do no damage.
The frost giant casts a spell at you. The bolt of cold hits you! 😮 HP[-9]
You take 9 damage, and now have 88/148 hp.
You claw the frost giant! The frost giant misses you.
You can now pass through a line of other dancers. 😮 HP[+1]
You mangle the frost giant!! 😮 HP[+2]
You regained 2 hp, and now have 91/148 hp.
You completely miss the frost giant. The frost giant casts a spell at you.
The bolt of cold misses you. 😮 HP[+1]
You claw the frost giant!
The frost giant hits you with a +1 battleaxe of freezing!
The frost giant freezes you. 😮 HP[-10]
You take 10 damage, and now have 82/148 hp.
You claw the frost giant!
Uskayaw will force your foes to helplessly watch your dance.
Uskayaw prepares the audience for your solo! 😮 HP[+2]
You regained 2 hp, and now have 84/148 hp.
The helpless frost giant fails to defend itself.
You scratch the frost giant. 😮 HP[+1]
The helpless frost giant fails to defend itself.
You eviscerate the frost giant!!!
You kill the frost giant! 😮 HP[+2]
You regained 2 hp, and now have 87/148 hp.
Things that are here:
a +1 battleaxe of freezing; a frost giant corpse 😎 HP[+61]
Your hp is fully restored (148).
A spriggan berserker comes into view. It is wielding a +1 antimagic war axe.
The spriggan berserker shouts!
The spriggan berserker invokes Trog's protection!
The spriggan berserker hits you with a +1 antimagic war axe!!
You feel your power leaking away. 😕 HP[-31] MP[-13]
You take 31 damage, and now have 117/148 hp.
MASSIVE DAMAGE!! (PAUSE)
You lost 13 mp, and now have 7/20 mp.
You completely miss the spriggan berserker.
The spriggan berserker closely misses you. 😕 HP[+2]
You regained 2 hp, and now have 119/148 hp.
You closely miss the spriggan berserker.
The spriggan berserker prays to Trog.
The spriggan berserker goes berserk! 😕 HP[+1]
You mangle the spriggan berserker!!
The spriggan berserker misses you. 😕 HP[+1]
You completely miss the spriggan berserker.
The spriggan berserker hits you with a +1 antimagic war axe!!
You feel your power leaking away. 😮 HP[-17] MP[-5]
You take 17 damage, and now have 104/148 hp.
You lost 5 mp, and now have 2/20 mp.
You claw the spriggan berserker!
The spriggan berserker hits you with a +1 antimagic war axe!
You feel your power leaking away. 😮 HP[-6] MP[-2]
You take 6 damage, and now have 98/148 hp.
You lost 2 mp, and now have 0/20 mp.
You barely miss the spriggan berserker.
The spriggan berserker hits you with a +1 antimagic war axe.
You mangle the spriggan berserker!!
The spriggan berserker hits you with a +1 antimagic war axe!!
* * * LOW HITPOINT WARNING * * *
You can now pass through a line of other dancers. 😨 HP[-26]
You take 26 damage, and now have 72/148 hp.
You closely miss the spriggan berserker.
The spriggan berserker closely misses you. 😨 HP[+2] MP[+1]
You regained 2 hp, and now have 74/148 hp.
Unknown command.
You scratch the spriggan berserker but do no damage.
The spriggan berserker hits you with a +1 antimagic war axe!!
* * * LOW HITPOINT WARNING * * *
You feel your power leaking away. 😨 HP[-27] MP[-1]
You take 27 damage, and now have 47/148 hp.
You lost 1 mp, and now have 0/20 mp.
You eviscerate the spriggan berserker!!!
You hear a shout!
The spriggan berserker hits you with a +1 antimagic war axe!!
* * * LOW HITPOINT WARNING * * *
😱 HP[-23]
You take 23 damage, and now have 24/148 hp.
Unknown command.
You scratch the spriggan berserker.
The spriggan berserker hits you with a +1 antimagic war axe!
* * * LOW HITPOINT WARNING * * *
The spriggan berserker hits you with a +1 antimagic war axe!!
You die...

Skill      XL: |  1  2  3  4  5  6  7  8  9 10 11 12 13 14 |
---------------+-------------------------------------------+-----
Fighting       | 3 4 5 6 7 9 10 11 | 11.8
Dodging        | 3 4 5 6 7 9 10 | 10.0
Unarmed Combat | 4 5 6 7 8 9 10 11 13 | 13.9
Evocations     | 2 3 |  3.6
Invocations    | 2 4 6 8 10 | 10.0
Transmutations | 2 3 |  3.9

Action                     |  1- 3 |  4- 6 |  7- 9 | 10-12 | 13-15 || total
---------------------------+-------+-------+-------+-------+-------++-------
  Melee: Unarmed           |    76 |   170 |   193 |   524 |   289 ||  1252
 Invoke: Stomp             |       |       |       |     1 |       ||     1
  Evoke: Wand              |       |       |       |     4 |     9 ||    13
         Lightning rod     |       |       |       |     1 |     3 ||     4
    Use: Scroll            |     4 |     6 |     2 |     9 |     8 ||    29
         Potion            |     1 |     1 |       |     1 |     3 ||     6
   Stab: Paralysed         |       |       |     2 |    48 |    27 ||    77
         Petrified         |       |       |       |       |     2 ||     2
 Armour: Robe              |    26 |    37 |    14 |       |       ||    77
         Troll leather arm |       |       |    22 |   129 |    37 ||   188
  Dodge: Dodged            |    48 |   101 |   116 |   495 |   210 ||   970

Levels and vault maps discovered:
D:1:      lemuel_arrival_rhombus, layout_basic
D:2:      layout_loops_ring, nicolae_concentric_dashed_squares_wild,
          minivault_27
D:3:      layout_basic, hellmonk_ecumenical_altar_slurped_away,
          chequers_serial_rivers_small_b, uniq_ijyb
D:4:      cheibrodos_thug_alley, layout_gridville, serial_shops,
          nicolae_shop_trees
D:5:      layout_basic, amethyst_overflow_temple_binary,
          minmay_temple_entry_butterflies
D:6:      layout_basic, uniq_menkaure, uniq_duvessa
D:7:      layout_gridville, grunt_gozag_statues,
          chequers_temple_overflow_statue_of_worship, reono_crystal_passage,
          lightli_corner_chamber
D:8:      layout_loops_corners, kennysheep_mini, serial_aquarium,
          aquarium_bridge_square [aquarium_subvault_bridge,
          aquarium_subvault_window, aquarium_subvault_bridge,
          aquarium_subvault_bridge], aquarium_bridge_square
          [aquarium_subvault_wall, aquarium_subvault_wall,
          aquarium_subvault_bridge, aquarium_subvault_balcony],
          aquarium_window_fake, aquarium_window_double, aquarium_window_1,
          aquarium_view_2c, aquarium_view_2c, aquarium_pool_2,
          minmay_manual_mares
D:9:      layout_irregular_city, david_lair_shrubbed, lemuel_flamethrower_2,
          uniq_prince_ribbit1
D:10:     layout_rooms, orc_0_dummy, hellmonk_ghost_big_iron, serial_shops,
          shop_fountains, nicolae_shop_advertising_works
          [nicolae_subvault_shop_adworks], minivault_16, uniq_josephine,
          uniq_harold, uniq_joseph
D:11:     layout_basic, serial_shops, shop, hangedman_decor_opposing
D:12:     layout_roguey, gammafunk_ghost_hive
D:13:     layout_rooms, david_vaults_2, serial_aquarium, aquarium_bridge_square
          [aquarium_subvault_window, aquarium_subvault_bridge,
          aquarium_subvault_window, aquarium_subvault_wall],
          aquarium_bridge_island_small [aquarium_subvault_small_water,
          aquarium_subvault_bridge, aquarium_subvault_window,
          aquarium_subvault_bridge, aquarium_subvault_bridge],
          aquarium_window_2, aquarium_window_2, aquarium_window_1,
          aquarium_view_4, aquarium_pool_four
D:14:     layout_roguey, amethyst_killhole, eat_drink_and_be_merry_uskayaw
D:15:     hangedman_depths_entry_civil_slaughter, layout_cave_pools,
          minmay_misc_feat_plants, grunt_decor_resistance
Temple:   eino_temple_rhombus
Depths:1: layout_cave_pools, pf_coc_iceberg,
          hellmonk_okawaru_the_only_friend_you_need, minmay_the_grid_2x2
          [minmay_the_grid_plusring, minmay_the_grid_eight,
          minmay_the_grid_empty, minmay_the_grid_prize_shrinking_boxes]

Notes
Turn   | Place    | Note
-------+----------+-------------------------------------------
     0 | D:1      | Galthrax the Troll Monk began the quest for the Orb.
     0 | D:1      | Reached XP level 1. HP: 22/22 MP: 0/0
     0 | D:1      | magus.rc [v1.11.6]
   110 | D:1      | Reached XP level 2. HP: 29/29 MP: 1/1
   703 | D:2      | Reached XP level 3. HP: 36/36 MP: 2/2
   728 | D:2      | Gained mutation: You are vulnerable to cold. (rC-) [potion
                  | of mutation]
   728 | D:2      | Lost mutation: You are vulnerable to cold. (rC-) [potion of
                  | mutation]
   728 | D:2      | Gained mutation: Your movements are slightly less
                  | encumbered by armour. (ER -2) [potion of mutation]
   764 | D:2      | Reached skill level 3 in Fighting
   764 | D:2      | Reached skill level 3 in Dodging
   889 | D:2      | Reached XP level 4. HP: 38/45 MP: 3/3
  1474 | D:3      | Noticed Ijyb
  1493 | D:3      | Killed Ijyb
  1494 | D:3      | Reached skill level 4 in Unarmed Combat
  1497 | D:3      | Reached XP level 5. HP: 27/53 MP: 4/4
  1532 | D:3      | You add the spells Ozocubu's Armour and Ozocubu's
                  | Refrigeration to your library.
  1563 | D:3      | You add the spells Scorch, Anguish, Plasma Beam and
                  | Ignition to your library.
  1563 | D:3      | Got the Exposition on the Coals and Open Graves
  1761 | D:3      | Found a faded altar of an unknown god.
  1867 | D:3      | You add the spells Vhi's Electric Charge, Arcjolt and
                  | Maxwell's Capacitive Coupling to your library.
  2385 | D:4      | Found Liut's Weapon Shop.
  2423 | D:4      | Reached XP level 6. HP: 49/62 MP: 5/5
  2443 | D:4      | Reached skill level 4 in Dodging
  2485 | D:4      | You add the spells Foxfire, Fireball and Starburst to your
                  | library.
  2538 | D:4      | Reached skill level 4 in Fighting
  2538 | D:4      | Reached skill level 5 in Unarmed Combat
  2711 | D:4      | HP: 15/62 [kobold/+0 club (3)]
  2815 | D:4      | Reached XP level 7. HP: 70/70 MP: 6/6
  2918 | D:4      | magus.rc [v1.11.6]
  3177 | D:5      | Entered Level 5 of the Dungeon
  3462 | D:5      | Reached skill level 6 in Unarmed Combat
  3480 | D:5      | Reached skill level 5 in Fighting
  3480 | D:5      | Reached skill level 5 in Dodging
  3480 | D:5      | Reached XP level 8. HP: 34/80 MP: 7/7
  3714 | D:5      | Found a staircase to the Ecumenical Temple.
  3811 | D:5      | Noticed a troll
  3821 | D:5      | Killed a troll
  3822 | D:5      | Reached skill level 1 in Evocations
  4053 | D:5      | Found an ancient bone altar of Kikubaaqudgha.
  4060 | D:5      | Found a shimmering altar of Xom.
  4416 | D:6      | Noticed Menkaure
  4421 | D:6      | Killed Menkaure
  4457 | D:6      | Noticed Duvessa
  4457 | D:6      | Noticed Dowan
  4465 | D:6      | Killed Duvessa
  4490 | D:5      | Killed Dowan
  4517 | D:5      | Reached skill level 2 in Evocations
  4547 | D:6      | You add the spells Summon Small Mammal, Call Canine
                  | Familiar and Summon Guardian Golem to your library.
  4968 | D:6      | Reached skill level 7 in Unarmed Combat
  5117 | D:6      | Reached XP level 9. HP: 89/89 MP: 8/8
  5146 | D:7      | Reached skill level 6 in Fighting
  5192 | Temple   | Entered the Ecumenical Temple
  5411 | Temple   | Became a worshipper of Uskayaw the Reveller
  5411 | Temple   | Reached * piety under Uskayaw
  5463 | D:7      | Reached ** piety under Uskayaw
  5464 | D:7      | Reached skill level 6 in Dodging
  5558 | D:7      | Noticed a two-headed ogre
  5565 | D:7      | Killed a two-headed ogre
  5565 | D:7      | Reached *** piety under Uskayaw
  5566 | D:7      | Reached skill level 3 in Evocations
  5572 | D:7      | Identified the +3 cloak "Dujiluj" {+Blink rF+ Str+2 Dex+3}
  5622 | D:7      | Found an opulent altar of Gozag.
  5747 | D:7      | Found a burning altar of Makhleb.
  5747 | D:7      | Found a blossoming altar of Fedhas.
  5758 | D:7      | You add the spells Blink, Manifold Assault and Storm Form
                  | to your library.
  5793 | D:7      | Noticed a komodo dragon
  5797 | D:7      | You add the spells Lesser Beckoning, Gell's Gravitas and
                  | Teleport Other to your library.
  6030 | D:8      | Reached skill level 8 in Unarmed Combat
  6030 | D:8      | Reached skill level 1 in Invocations
  6037 | D:8      | Reached **** piety under Uskayaw
  6040 | D:8      | Reached ***** piety under Uskayaw
  6042 | D:8      | Reached skill level 2 in Invocations
  6042 | D:8      | Reached XP level 10. HP: 100/100 MP: 8/10
  6178 | D:8      | Reached skill level 7 in Fighting
  6178 | D:8      | Reached skill level 7 in Dodging
  6472 | D:8      | Reached skill level 3 in Invocations
  6714 | D:8      | Found a shimmering blue altar of Sif Muna.
  7092 | D:9      | Reached skill level 9 in Unarmed Combat
  7233 | D:9      | Reached skill level 4 in Invocations
  7262 | D:9      | Reached ****** piety under Uskayaw
  7423 | D:9      | Found a staircase to the Lair.
  7426 | D:9      | Noticed Prince Ribbit
  7432 | D:9      | Killed Prince Ribbit
  7480 | D:9      | Reached XP level 11. HP: 111/111 MP: 13/13
  7658 | D:9      | Reached skill level 8 in Fighting
  7789 | D:10     | Entered Level 10 of the Dungeon
  7819 | D:10     | Noticed Shozle's ghost (journeyman GnWn)
  7845 | D:10     | Found Qitick's Weapon Emporium.
  7866 | D:10     | Noticed Harold
  7866 | D:10     | Found the +18 Lear's hauberk
  7878 | D:10     | Killed Harold
  7879 | D:10     | Reached skill level 8 in Dodging
  7923 | D:10     | Reached skill level 5 in Invocations
  8028 | D:10     | Found a runed translucent door.
  8056 | D:10     | Noticed Josephine
  8079 | D:10     | Killed Josephine
  8081 | D:10     | Reached skill level 10 in Unarmed Combat
  8215 | D:10     | Found Jeih Ati's General Store.
  8235 | D:10     | Found a staircase to the Orcish Mines.
  8296 | D:10     | Noticed Joseph
  8311 | D:10     | Killed Joseph
  8600 | D:11     | Found Timetiod's Antique Weapon Boutique.
  8695 | D:11     | Learned a level 7 spell: Storm Form
  8699 | D:11     | Learned a level 3 spell: Vhi's Electric Charge
  8896 | D:11     | Noticed a white ugly thing
  8959 | D:11     | Killed a white ugly thing
  8960 | D:11     | Reached skill level 6 in Invocations
  9061 | D:11     | Noticed a two-headed ogre
  9067 | D:11     | Killed a two-headed ogre
  9365 | D:12     | Noticed a white ugly thing
  9376 | D:12     | Killed a white ugly thing
  9377 | D:12     | Reached skill level 9 in Fighting
  9377 | D:12     | Reached skill level 9 in Dodging
  9385 | D:12     | Reached XP level 12. HP: 123/123 MP: 15/15
  9414 | D:12     | Noticed Sapposmud's ghost (journeyman SpBr)
  9415 | D:12     | Found a transporter.
  9549 | D:10     | Bought a scroll of acquirement for 624 gold pieces
  9549 | D:10     | Acquired a +2 kite shield of resistance
  9644 | D:12     | Found the amulet of the Air {Inacc Air Fly rElec RMsl}
  9670 | D:12     | Found a transporter.
 10069 | D:12     | Killed Sapposmud's ghost
 10070 | D:12     | Reached skill level 11 in Unarmed Combat
 10070 | D:12     | Reached skill level 7 in Invocations
 10189 | D:13     | Noticed a yaktaur captain
 10203 | D:13     | Killed a yaktaur captain
 10254 | D:13     | Found a gate to the Vaults.
 10295 | D:13     | HP: 31/124 [slime creature (8)]
 10307 | D:13     | HP: 6/124 [white ugly thing (31)]
 10420 | D:13     | You add the spells Dazzling Flash, Agony and Silence to
                  | your library.
 10476 | D:13     | Noticed a four-headed hydra
 10483 | D:13     | magus.rc [v1.11.6]
 10484 | D:13     | Killed a five-headed hydra
 10773 | D:13     | Noticed a boulder beetle
 10778 | D:13     | Killed a boulder beetle
 11004 | D:13     | Noticed a centaur warrior
 11015 | D:13     | Killed a centaur warrior
 11016 | D:13     | Reached skill level 8 in Invocations
 11146 | D:14     | Noticed a centaur warrior
 11154 | D:14     | Killed a centaur warrior
 11155 | D:14     | Reached skill level 10 in Fighting
 11155 | D:14     | Reached skill level 10 in Dodging
 11468 | D:14     | Reached XP level 13. HP: 69/133 MP: 18/18
 11495 | D:13     | Reached skill level 12 in Unarmed Combat
 11629 | D:14     | Found a hide-covered altar of Uskayaw.
 11869 | D:15     | Entered Level 15 of the Dungeon
 12099 | D:14     | HP: 30/135 [skeletal warrior/+1 trident of venom (16)]
 12176 | D:14     | Reached skill level 9 in Invocations
 12352 | D:15     | HP: 16/136 [skeletal warrior/+0 halberd (21)]
 12536 | D:15     | Reached skill level 11 in Fighting
 12570 | D:15     | Reached skill level 13 in Unarmed Combat
 12593 | D:15     | Reached skill level 1 in Transmutations
 12602 | D:15     | Found a staircase to the Depths.
 12609 | D:15     | Noticed an ettin
 12618 | D:15     | Killed an ettin
 12812 | D:15     | You add the spells Shock, Swiftness and Airstrike to your
                  | library.
 13006 | Depths:1 | Entered Level 1 of the Depths
 13010 | Depths:1 | Noticed a fire dragon
 13022 | Depths:1 | Killed a fire dragon
 13136 | Depths:1 | Noticed an ettin
 13139 | Depths:1 | Reached skill level 2 in Transmutations
 13139 | Depths:1 | Noticed a caustic shrike
 13151 | Depths:1 | HP: 12/137 [ettin/+0 dire flail (37)]
 13153 | Depths:1 | Killed a caustic shrike
 13154 | Depths:1 | Reached skill level 10 in Invocations
 13154 | Depths:1 | Reached XP level 14. HP: 17/146 MP: 20/20
 13335 | Depths:1 | Noticed a fire giant
 13350 | Depths:1 | Killed a fire giant
 13441 | D:15     | Reached skill level 3 in Transmutations
 13677 | Depths:1 | You add the spells Summon Ice Beast, Summon Mana Viper and
                  | Monstrous Menagerie to your library.
 13711 | Depths:1 | Noticed a fire giant
 13711 | Depths:1 | Noticed a quicksilver dragon
 13711 | Depths:1 | Noticed a fire giant
 13734 | Depths:1 | Noticed a frost giant
 13751 | Depths:1 | HP: 32/148 [quicksilver dragon/bolt of dispelling energy
                  | (42)]
 13771 | Depths:1 | HP: 31/148 [quicksilver dragon/bolt of dispelling energy
                  | (29)]
 13776 | Depths:1 | Killed a quicksilver dragon
 13777 | Depths:1 | HP: 21/222 [fire giant/fireball (7)]
 13874 | D:15     | Killed a fire giant
 13878 | D:15     | Killed a fire giant
 13925 | Depths:1 | Killed a frost giant
 13995 | Depths:1 | HP: 24/148 [spriggan berserker/+1 antimagic war axe (25)]
 13996 | Depths:1 | HP: 11/148 [spriggan berserker/+1 antimagic war axe (15)]
 13996 | Depths:1 | Demolished by a spriggan berserker

Vanquished Creatures
  A caustic shrike (Depths:1)
  A quicksilver dragon (Depths:1)
  3 fire giants
  A frost giant (Depths:1)
  4 ettins
  The ghost of Sapposmud the Slicer, a journeyman SpBr of Xom (D:12)
  A fire dragon (Depths:1)
  A yaktaur captain (D:13)
  2 hydras
  Josephine (D:10)
  Harold (D:10)
  An ice dragon (Depths:1)
  2 centaur warriors
  A rakshasa (Depths:1)
  2 boulder beetles
  2 catoblepae (D:14)
  An ogre mage (D:15)
  4 two-headed ogres
  2 tengu warriors
  5 hell knights
  A fire crab (shapeshifter) (D:13)
  5 skeletal warriors
  2 deep trolls
  A wizard (D:15)
  2 necromancers (Depths:1)
  11 ugly things
  3 cyclopes
  A manticore (D:14)
  Joseph (D:10)
  3 gargoyles
  2 unseen horrors
  2 efreet (D:15)
  3 yaktaurs
  4 tengu conjurers
  2 komodo dragons
  3 meliai (D:14)
  4 trolls
  Prince Ribbit (D:9)
  2 hornets (D:8)
  16 slime creatures
  A centaur simulacrum (D:15)
  2 vampires
  23 yaks
  A wyvern (D:10)
  A fire bat (shapeshifter) (D:14)
  8 wraiths
  4 vampire mosquitoes (D:11)
  Menkaure (D:6)
  An acid dragon (D:12)
  Duvessa (D:6)
  An ice beast (D:8)
  2 black bears
  3 orc warriors
  4 ogres
  7 centaurs
  4 phantoms
  2 kobold brigands
  4 bullfrogs
  15 wights
  Dowan (D:5)
  7 killer bees
  9 howler monkeys
  3 jellies
  2 gnoll boudas
  9 orc priests
  3 iguanas
  Ijyb (D:3)
  7 orc wizards
  8 gnolls
  8 adders
  A shadow imp (D:8)
  3 white imps (D:5)
  A worm (D:2)
  A dart slug (D:1)
  32 orcs
  9 ball pythons
  12 endoplasms
  5 giant cockroaches
  7 goblins
  13 hobgoblins
  13 jackals
  16 kobolds
  3 quokkas (D:1)
  A bat (D:1)
  3 frilled lizards (D:2)
  7 rats
376 creatures vanquished.

Vanquished Creatures (others)
  6 plants
6 creatures vanquished.

Grand Total: 382 creatures vanquished

Table legend:
 A = Non-vault XP
 B = Vault XP
 C = Vault XP percentage of total XP
 D = Non-vault monster count
 E = Vault monster count
 F = Vault count percentage of total count
                 A         B        C        D         E       F
            +---------+---------+-------+---------+---------+-------
      Total |   57805 |   21646 |  27.2 |     333 |      43 |  11.4
            +---------+---------+-------+---------+---------+-------
        D:1 |      40 |       0 |   0.0 |      22 |       0 |   0.0
        D:2 |     103 |       0 |   0.0 |      30 |       0 |   0.0
        D:3 |     120 |      38 |  24.1 |      21 |       2 |   8.7
        D:4 |     386 |     111 |  22.3 |      28 |       9 |  24.3
        D:5 |     996 |      72 |   6.7 |      19 |       1 |   5.0
        D:6 |     748 |     316 |  29.7 |      18 |       2 |  10.0
        D:7 |    1666 |       0 |   0.0 |      12 |       0 |   0.0
        D:8 |    2547 |     218 |   7.9 |      31 |       2 |   6.1
        D:9 |    3425 |     620 |  15.3 |      29 |       2 |   6.5
       D:10 |    1379 |    2836 |  67.3 |      12 |       6 |  33.3
       D:11 |    4635 |       0 |   0.0 |      22 |       0 |   0.0
       D:12 |    4431 |     923 |  17.2 |      18 |       1 |   5.3
       D:13 |    9294 |    1626 |  14.9 |      26 |       3 |  10.3
       D:14 |   11614 |    1530 |  11.6 |      20 |       2 |   9.1
       D:15 |    9209 |    4919 |  34.8 |      16 |       6 |  27.3
   Depths:1 |    7212 |    8437 |  53.9 |       9 |       7 |  43.8
            +---------+---------+-------+---------+---------+-------

Skill      XL: |  1  2  3  4  5  6  7  8  9 10 11 12 13 14 |
---------------+-------------------------------------------+-----
Fighting       | 3 4 5 6 7 9 10 11 | 11.8
Dodging        | 3 4 5 6 7 9 10 | 10.0
Unarmed Combat | 4 5 6 7 8 9 10 11 13 | 13.9
Evocations     | 2 3 |  3.6
Invocations    | 2 4 6 8 10 | 10.0
Transmutations | 2 3 |  3.9

Action                     |  1- 3 |  4- 6 |  7- 9 | 10-12 | 13-15 || total
---------------------------+-------+-------+-------+-------+-------++-------
  Melee: Unarmed           |    76 |   170 |   193 |   524 |   289 ||  1252
 Invoke: Stomp             |       |       |       |     1 |       ||     1
  Evoke: Wand              |       |       |       |     4 |     9 ||    13
         Lightning rod     |       |       |       |     1 |     3 ||     4
    Use: Scroll            |     4 |     6 |     2 |     9 |     8 ||    29
         Potion            |     1 |     1 |       |     1 |     3 ||     6
   Stab: Paralysed         |       |       |     2 |    48 |    27 ||    77
         Petrified         |       |       |       |       |     2 ||     2
 Armour: Robe              |    26 |    37 |    14 |       |       ||    77
         Troll leather arm |       |       |    22 |   129 |    37 ||   188
  Dodge: Dodged            |    48 |   101 |   116 |   495 |   210 ||   970

Illustrated notes

Table legend:
 A = Kills in this place as a percentage of kills in the entire game.
 B = Kills by you in this place as a percentage of kills by you in the entire game.
 C = Kills by friends in this place as a percentage of kills by friends in the entire game.
 D = Other kills in this place as a percentage of other kills in the entire game.
 E = Experience gained in this place as a percentage of experience gained in the entire game.
 F = Experience gained in this place divided by the number of levels of this place that you have seen.
                   A       B       C       D       E      F
               +-------+-------+-------+-------+-------+----------------------
         Total | 100.0 | 100.0 |   N/A |   N/A | 100.0 | 4673.6
       Dungeon |  95.7 |  95.7 |   N/A |   N/A |  80.3 | 4253.5
        Depths |   4.3 |   4.3 |   N/A |   N/A |  19.7 | 15649.0
               +-------+-------+-------+-------+-------+----------------------

Table legend: (Time is in decaauts)
 A = Elapsed time spent in this place.
 B = Non-inter-level travel time spent in this place.
 C = Inter-level travel time spent in this place.
 D = Time resting spent in this place.
 E = Time spent auto-exploring this place.
 F = Levels seen in this place.
 G = Mean time per level.
                   A        B        C        D        E       F      G
               +--------+--------+--------+--------+--------+-----+--------+
         Total |  13857 |  12891 |    966 |    828 |   9259 |  17 |  815.1 |
       Dungeon |  12957 |  12054 |    903 |    784 |   8807 |  15 |  863.8 |
        Temple |    235 |    173 |     62 |      0 |    156 |   1 |  235.0 |
        Depths |    664 |    664 |      0 |     44 |    296 |   1 |  664.0 |
               +--------+--------+--------+--------+--------+-----+--------+

Top non-repeatable levels by time:
     D:5: 1100 daAuts
    D:14: 1083 daAuts
    D:15: 1006 daAuts
     D:8: 1002 daAuts
     D:4: 975 daAuts
    D:13: 949 daAuts
     D:6: 850 daAuts
    D:11: 849 daAuts
    D:12: 827 daAuts
     D:3: 769 daAuts
     D:9: 761 daAuts
     D:2: 757 daAuts
    D:10: 735 daAuts
     D:1: 697 daAuts
Depths:1: 664 daAuts
